 Dungeon Crawl Stone Soup version 0.30-a0-782-ge64f9170bb (webtiles) character file.

Game seed: 10140046276905685902

287 epen the Cleaver (level 6, -4/47 HPs)
             Began as a Gnoll Wanderer on Feb 19, 2023.
             Was an Initiate of Cheibriados.
             Killed by divine providence
             ... invoked by an orc priest
              (14 damage)
             ... on level 4 of the Dungeon.
             The game lasted 00:02:56 (2332 turns).

epen the Cleaver (Gnoll Wanderer)                   Turns: 2332, Time: 00:02:57

Health: -4/47      AC:  8    Str: 13    XL:     6   Next: 30%
Magic:  9/9        EV:  9    Int:  9    God:    Cheibriados [......]
Gold:   105        SH:  0    Dex: 17    Spells: 9/9 levels left

rFire   + . .      SeeInvis +    a - +2 hand axe
rCold   + + .      Faith    .    (no shield)
rNeg    . . .      Spirit   .    c - +0 scale mail
rPois   +          Reflect  .    (no helmet)
rElec   +          Harm     .    (no cloak)
rCorr   +          Rampage  .    p - +0 pair of gloves
Will    .....                    (no boots)
Stlth   +                        (no amulet)
HPRegen 0.27/turn                l - ring of resist corrosion
MPRegen 0.11/turn                r - ring of see invisible

@: mighty, resistant, slow
A: fangs 1, strong nose, distributed training, cold resistance 1, sense
surroundings 1
a: Renounce Religion


You were on level 4 of the Dungeon.
You worshipped Cheibriados.
Cheibriados was noncommittal.
You visited 2 branches of the dungeon, and saw 5 of its levels.

You collected 105 gold pieces.

Inventory:

Hand Weapons
 a - a +2 hand axe (weapon)
 b - a +0 short sword
 w - a +0 hand axe of electrocution
Armour
 c - a +0 scale mail (worn)
 p - a +0 pair of gloves (worn)
Jewellery
 l - a ring of resist corrosion (left hand)
 r - a ring of see invisible (right hand)
Scrolls
 d - a scroll of butterflies
 j - a scroll of magic mapping {unknown}
 k - 4 scrolls of identify {unknown}
 m - 2 scrolls of teleportation {unknown}
 q - a scroll of noise {unknown}
 t - 2 scrolls of immolation {unknown}
 v - 3 scrolls of enchant weapon {unknown}
 x - a scroll of poison {unknown}
 y - a scroll of fear {unknown}
Potions
 e - a potion of mutation
 h - 2 potions of curing
 i - a potion of cancellation {unknown}
 n - a potion of lignification {unknown}
 o - a potion of heal wounds {unknown}
 u - a potion of flight {unknown}
 z - a potion of brilliance {unknown}


   Skills:
 + Level 3.2 Fighting
 + Level 3.2 Short Blades
 + Level 2.0 Long Blades
 + Level 8.7 Axes
 + Level 2.0 Maces & Flails
 + Level 2.0 Polearms
 + Level 2.0 Staves
 + Level 2.0 Ranged Weapons
 + Level 2.0 Throwing
 + Level 3.2 Armour
 + Level 2.0 Dodging
 + Level 2.0 Stealth
 + Level 2.0 Shields
 + Level 2.0 Unarmed Combat
 + Level 2.0 Spellcasting
 + Level 1.5 Conjurations
 + Level 1.5 Hexes
 + Level 1.5 Summonings
 + Level 1.5 Necromancy
 + Level 1.5 Translocations
 + Level 1.5 Transmutations
 + Level 1.5 Fire Magic
 + Level 1.5 Ice Magic
 + Level 1.5 Air Magic
 + Level 1.5 Earth Magic
 + Level 1.5 Poison Magic
 + Level 5.1 Invocations
 + Level 3.2 Evocations


You had 9 spell levels left.
You didn't know any spells.
Your spell library contained the following spells:

 Spells                   Type           Power      Damage    Failure   Level
 Sublimation of Blood     Necr           3%         N/A       75%         2
 Summon Guardian Golem    Hex/Summ       3%         N/A       93%         3
 Petrify                  Tmut/Erth      3%         N/A       100%        4
 Irradiate                Conj/Tmut      1%         3d12      100%        5
 Orb of Destruction       Conj           1%         9d5       100%        7
 Spellforged Servitor     Conj/Summ      1%         N/A       100%        7


Dungeon Overview and Level Annotations

Branches:
Dungeon (4/15)             Temple (1/1) D:4

Altars:
Cheibriados
Fedhas
Gozag
Hepliaklqana
Kikubaaqudgha
Makhleb
Nemelex Xobeh
Okawaru
Qazlal
Trog
Wu Jian
Zin


Innate Abilities, Weirdness & Mutations

You have very sharp teeth.
Your uncanny sense of smell can sniff out nearby items.
Your experience applies equally to all skills.
Your flesh is cold resistant. (rC+)
You passively map a small area around you.


Message History

You closely miss the orc warrior.
The orc warrior is moderately wounded.
The orc shouts!
You hear a shout!
The orc warrior hits you with a +0 long sword!
An orc priest comes into view. It is wielding a +0 flail.
You barely miss the orc warrior.
The orc warrior is moderately wounded.
The orc priest shouts!
The orc warrior hits you with a +0 long sword!
You barely miss the orc warrior.
The orc warrior is moderately wounded.
An orc comes into view. It is wielding a +0 morningstar.
The orc warrior hits you with a +0 long sword.
The orc shouts!
You hit the orc warrior but do no damage.
You bite the orc warrior, but do no damage.
The orc warrior is moderately wounded.
You hear a shout!
The orc warrior hits you but does no damage.
You hit the orc warrior.
The orc warrior is heavily wounded.
The orc warrior hits you with a +0 long sword.
It was a potion of mutation.
You feel extremely strange.
You feel resistant to cold.
You feel a strange attunement to the structure of the dungeons.
The orc warrior barely misses you.
It was a potion of resistance.
You feel protected.
The orc warrior hits you with a +0 long sword.
It was a potion of might.
You feel very mighty all of a sudden.
The orc warrior hits you with a +0 long sword!
* * * LOW HITPOINT WARNING * * *
It was a potion of curing.
You feel better. The orc warrior barely misses you.
You hit the orc warrior.
The orc warrior is heavily wounded.
The orc warrior barely misses you.
The orc priest invokes the aid of Beogh against you.
Beogh smites you!
You die...

, ,.. .. * * #.### , ,
..., ,* * ** ,.o. , ,
#o# , , , #o# , , ..(..
#o#, * , , .........##@#
, *
#........##.###########
... #...##.#.........#
####..
#...##.....#####.#
......###...####..#
####...........#....# ,
#..., #.....#.......#
#...###..>..###.....###
*
##.....#.....#..........


You could see an orc warrior, an orc priest and 2 orcs.

Vanquished Creatures
  A phantom (D:3)
  A necrophage (D:2)
  An orc priest (D:4)
  2 orc wizards
  An adder (D:2)
  A worm (D:2)
  2 dart slugs
  5 orcs
  2 ball pythons (D:1)
  4 bats
  3 endoplasms
  3 giant cockroaches
  6 goblins
  A hobgoblin (D:3)
  2 jackals (D:3)
  2 quokkas (D:1)
  A frilled lizard (D:3)
  7 kobolds
  3 rats
48 creatures vanquished.

Vanquished Creatures (others)
  5 plants (D:3)
5 creatures vanquished.

Grand Total: 53 creatures vanquished

Notes
Turn   | Place    | Note
-------+----------+-------------------------------------------
     0 | D:1      | epen the Gnoll Wanderer began the quest for the Orb.
     0 | D:1      | epen set off with the following items: a +2 hand axe, a +0
                  | short sword, a +0 scale mail, a scroll of butterflies.
     0 | D:1      | Reached XP level 1. HP: 17/17 MP: 3/3
   117 | D:1      | Reached XP level 2. HP: 20/23 MP: 5/5
   584 | D:2      | Reached XP level 3. HP: 23/28 MP: 6/6
   650 | D:2      | Noticed a necrophage
   659 | D:2      | Killed a necrophage
   660 | D:2      | Reached skill level 1 in Long Blades
   660 | D:2      | Reached skill level 1 in Maces & Flails
   660 | D:2      | Reached skill level 1 in Polearms
   660 | D:2      | Reached skill level 1 in Staves
   660 | D:2      | Reached skill level 1 in Ranged Weapons
   660 | D:2      | Reached skill level 1 in Throwing
   660 | D:2      | Reached skill level 1 in Dodging
   660 | D:2      | Reached skill level 1 in Stealth
   660 | D:2      | Reached skill level 1 in Shields
   660 | D:2      | Reached skill level 1 in Unarmed Combat
   660 | D:2      | Reached skill level 1 in Spellcasting
   660 | D:2      | Reached skill level 1 in Conjurations
   660 | D:2      | Reached skill level 1 in Hexes
   660 | D:2      | Reached skill level 1 in Summonings
   660 | D:2      | Reached skill level 1 in Necromancy
   660 | D:2      | Reached skill level 1 in Translocations
   660 | D:2      | Reached skill level 1 in Transmutations
   660 | D:2      | Reached skill level 1 in Fire Magic
   660 | D:2      | Reached skill level 1 in Ice Magic
   660 | D:2      | Reached skill level 1 in Air Magic
   660 | D:2      | Reached skill level 1 in Earth Magic
   660 | D:2      | Reached skill level 1 in Poison Magic
   660 | D:2      | Reached XP level 4. HP: 23/34 MP: 7/7
   799 | D:2      | Identified the +1 robe of Hedging {Int+3}
   826 | D:2      | Found a faded altar of an unknown god.
  1234 | D:3      | Found a stormy altar of Qazlal.
  1254 | D:3      | Noticed a phantom
  1272 | D:3      | Killed a phantom
  1273 | D:3      | Reached XP level 5. HP: 29/41 MP: 8/8
  1518 | D:3      | Reached skill level 5 in Invocations
  2061 | D:3      | Reached XP level 6. HP: 42/47 MP: 9/9
  2254 | D:4      | Found a staircase to the Ecumenical Temple.
  2271 | Temple   | Entered the Ecumenical Temple
  2287 | Temple   | Became a worshipper of Cheibriados the Contemplative
  2316 | D:4      | Noticed an orc warrior
  2328 | D:4      | Gained mutation: Your flesh is cold resistant. (rC+)
                  | [potion of mutation]
  2328 | D:4      | Gained mutation: You passively map a small area around you.
                  | [potion of mutation]
  2332 | D:4      | Killed from afar by an orc priest

Illustrated notes

Levels and vault maps discovered:
D:1:      dpeg_arrival_three_same_balls, layout_basic
D:2:      layout_basic, ebering_ecumenical_altar_mist, serial_glass,
          glass_columns_a, glass_columns_b, glass_columns_a, glass_columns_a,
          glass_columns_c, glass_columns_a
D:3:      layout_rooms, mainiacjoe_overflow_brackets, chequers_big_river
D:4:      layout_basic, minmay_temple_entry_tees, gammafunk_ghost_mausoleum,
          serial_bayou_pond_c, guppyfry_early_orc_mine
Temple:   minmay_freezing_vapour_temple

Skill      XL: |  1  2  3  4  5  6 |
---------------+-------------------+-----
Long Blades    | 1 2 |  2.0
Maces & Flails | 1 2 |  2.0
Polearms       | 1 2 |  2.0
Staves         | 1 2 |  2.0
Ranged Weapons | 1 2 |  2.0
Throwing       | 1 2 |  2.0
Dodging        | 1 2 |  2.0
Stealth        | 1 2 |  2.0
Shields        | 1 2 |  2.0
Unarmed Combat | 1 2 |  2.0
Spellcasting   | 1 2 |  2.0
Conjurations   | 1 |  1.5
Hexes          | 1 |  1.5
Summonings     | 1 |  1.5
Necromancy     | 1 |  1.5
Translocations | 1 |  1.5
Transmutations | 1 |  1.5
Fire Magic     | 1 |  1.5
Ice Magic      | 1 |  1.5
Air Magic      | 1 |  1.5
Earth Magic    | 1 |  1.5
Poison Magic   | 1 |  1.5
Fighting       | 3 |  3.2
Short Blades   | 3 |  3.2
Armour         | 3 |  3.2
Evocations     | 3 |  3.2
Invocations    | 5 |  5.1
Axes           | |  8.7

Action                     |  1- 3 |  4- 6 || total
---------------------------+-------+-------++-------
  Melee: Hand axe          |    56 |   112 ||   168
         Bite              |     2 |     9 ||    11
         Punch             |     2 |     3 ||     5
  Evoke: Wand              |       |     4 ||     4
    Use: Potion            |       |     4 ||     4
 Armour: Scale mail        |    21 |    42 ||    63
  Dodge: Dodged            |    22 |    31 ||    53

Table legend: (Time is in decaauts)
 A = Elapsed time spent in this place.
 B = Non-inter-level travel time spent in this place.
 C = Inter-level travel time spent in this place.
 D = Time resting spent in this place.
 E = Time spent auto-exploring this place.
 F = Levels seen in this place.
 G = Mean time per level.
                   A        B        C        D        E       F      G
               +--------+--------+--------+--------+--------+-----+--------+
         Total |   2327 |   2209 |    118 |    123 |   1668 |   5 |  465.4 |
       Dungeon |   2304 |   2192 |    112 |    123 |   1658 |   4 |  576.0 |
        Temple |     22 |     16 |      6 |      0 |     10 |   1 |   22.0 |
               +--------+--------+--------+--------+--------+-----+--------+

Top non-repeatable levels by time:
     D:3: 947 daAuts
     D:2: 618 daAuts
     D:1: 495 daAuts
     D:4: 243 daAuts
  Temple: 22 daAuts
